[Event "Titled Tuesday Blitz October 04 Late 2022"]
[White "Sarana, Alexey"]
[Black "Hnydiuk, Aleksander"]
[WhiteFideId "24133795"]
[BlackFideId "1109057"]
[WhiteElo "2689"]
[BlackElo "2374"]
[Result "1-0"]
[Round "01"]
[TimeControl "180+1"]
[Date "2022.10.04"]
[WhiteClock "0:00:49"]
[BlackClock "0:00:04"]

1. d4 Nf6 2. c4 e6 3. Nc3 Bb4 4. e3 O-O 5. Bd3 d5 6. a3 Bxc3+ 7. bxc3 dxc4 8. Bxc4 c5 9. Ne2 Qc7 10. Bd3 b6 11. e4 Ba6 12. Bg5 Bxd3 13. Qxd3 Nbd7 14. O-O Rac8 15. e5 c4 16. Qh3 Nd5 17. Nf4 Nxf4 18. Bxf4 b5 19. a4 bxa4 20. Qg3 Nb6 21. h4 a5 22. Rfb1 Kh8 23. Rb5 Ra8 24. h5 h6 25. Rc5 Qd7 26. Qf3 Rfc8 27. Qe4 Rxc5 28. dxc5 Nd5 29. Qxc4 Rc8 30. Bc1 Qc6 31. Ba3 Nc7 32. Bc1 Na6 33. Rxa4 Nxc5 34. Rxa5 Nd7 35. Qxc6 Rxc6 36. Bd2 Nb6 37. f4 Nc4 38. Ra8+ Kh7 39. Be1 Nb2 40. Rd8 Na4 41. Rd3 Nb2 42. Rd4 Rc4 43. Rxc4 Nxc4 44. Kf2 g6 45. g4 gxh5 46. gxh5 Kg8 47. Ke2 Kf8 48. Kd3 Nb6 49. c4 Nd7 50. Kd4 f5 51. c5 Nb8 52. Kc4 Ke8 53. Kb5 Kd7 54. Kb6 Nc6 55. Bh4 Nd4 56. Bf6 Kc8 57. Bg7 Ne2 58. Bxh6 Ng3 59. Kc6 Nxh5 60. Kd6 Ng3 61. Kxe6 Kc7 62. Kf7 Kc6 63. e6 Ne4 64. e7 1-0


[Site "https://www.chess.com"]

[Event "Titled Tuesday Blitz October 04 Late 2022"]
[White "Sivakumar, Shaaketh"]
[Black "Kamsky, Gata"]
[WhiteFideId "30940176"]
[BlackFideId "2000024"]
[WhiteElo "2174"]
[BlackElo "2666"]
[Result "0-1"]
[Round "01"]
[TimeControl "180+1"]
[Date "2022.10.04"]
[WhiteClock "0:00:54"]
[BlackClock "0:01:10"]

1. e4 c5 2. Nf3 e6 3. g3 Nc6 4. Bg2 Nf6 5. Qe2 e5 6. c3 Be7 7. O-O d6 8. h3 O-O 9. Rd1 Qc7 10. Na3 a6 11. Nc2 Re8 12. d4 exd4 13. cxd4 Bf8 14. Nd2 cxd4 15. Nb3 Bf5 16. Nbxd4 Bxe4 17. Bxe4 Nxe4 18. Qd3 d5 19. Bf4 Qb6 20. b3 Rad8 21. Ne3 Nxd4 22. Qxd4 Bc5 23. Qd3 g5 24. Nxd5 Nxf2 25. Qf5 Nxd1+ 26. Kg2 Rxd5 27. Qxd5 Ne3+ 28. Bxe3 Bxe3 0-1


[Site "https://www.chess.com"]

[Event "Titled Tuesday Blitz October 04 Late 2022"]
[White "Sorokin, Aleksey"]
[Black "Ezat, Mohamed"]
[WhiteFideId "24176460"]
[BlackFideId "10600906"]
[WhiteElo "2476"]
[BlackElo "2386"]
[Result "1-0"]
[Round "01"]
[TimeControl "180+1"]
[Date "2022.10.04"]
[WhiteClock "0:00:47"]
[BlackClock "0:00:29"]

1. e4 c6 2. d4 d5 3. exd5 cxd5 4. Bd3 Nc6 5. c3 Qc7 6. h3 g6 7. Nf3 Nh6 8. Na3 Bf5 9. Be2 Bg7 10. Nb5 Qb6 11. Bf4 Rc8 12. Qd2 Ng8 13. g4 Be4 14. Na3 Nf6 15. Rg1 O-O 16. Ne5 Nxe5 17. Bxe5 g5 18. Rg3 h6 19. Re3 Bg6 20. f3 Rfe8 21. Kf2 Nd7 22. Bxg7 Kxg7 23. Bb5 Qc7 24. Kg2 a6 25. Bxd7 Qxd7 26. Rae1 e6 27. Nc2 Qa4 28. Nb4 a5 29. b3 Qb5 30. Nd3 Bxd3 31. Rxd3 a4 32. Rb1 axb3 33. Rxb3 Qc6 34. f4 f6 35. Rf3 Rf8 36. Qe3 Rce8 37. fxg5 hxg5 38. h4 e5 39. hxg5 exd4 40. Qxd4 Re4 41. gxf6+ Kf7 42. Qb6 Rxg4+ 43. Kf2 Qxb6+ 44. Rxb6 Rb8 45. Rd6 Ra4 46. Rd7+ Ke6 47. Re7+ Kd6 48. Re2 Rf8 49. f7 Rc4 50. Re8 1-0


[Site "https://www.chess.com"]

[Event "Titled Tuesday Blitz October 04 Late 2022"]
[White "Stremavicius, Titas"]
[Black "Salman, Pavel"]
[WhiteFideId "12804444"]
[BlackFideId "24153753"]
[WhiteElo "2415"]
[BlackElo "2187"]
[Result "1-0"]
[Round "01"]
[TimeControl "180+1"]
[Date "2022.10.04"]
[WhiteClock "0:00:19"]
[BlackClock "0:00:02"]

1. c4 Nf6 2. Nc3 c5 3. Nf3 b6 4. e4 d6 5. d4 cxd4 6. Nxd4 Bb7 7. f3 a6 8. Be2 e6 9. Be3 Be7 10. Qd2 Qc7 11. O-O-O Nc6 12. Kb1 Rc8 13. Rc1 Ne5 14. g4 Qb8 15. b3 Ba8 16. g5 Nfd7 17. f4 Nc6 18. f5 Nxd4 19. Bxd4 e5 20. Be3 Nc5 21. Bf3 b5 22. cxb5 axb5 23. Nd5 Bxd5 24. Qxd5 Qa8 25. Rhd1 Qxd5 26. Rxd5 O-O 27. h4 f6 28. g6 h6 29. Bxc5 dxc5 30. Be2 Rb8 31. Rd7 Rfe8 32. Rcd1 Bf8 33. Rc7 Re7 34. Rxc5 Reb7 35. Rc6 Ra8 36. Rdc1 Rba7 37. R1c2 Kh8 38. Rc8 Kg8 39. Bxb5 Rxc8 40. Rxc8 h5 41. Bc4+ 1-0


[Site "https://www.chess.com"]

[Event "Titled Tuesday Blitz October 04 Late 2022"]
[White "Svane, Rasmus"]
[Black "Padmini, Rout"]
[WhiteFideId "4657101"]
[BlackFideId "5029295"]
[WhiteElo "2674"]
[BlackElo "2290"]
[Result "1-0"]
[Round "01"]
[TimeControl "180+1"]
[Date "2022.10.04"]
[WhiteClock "0:00:20"]
[BlackClock "0:00:01"]

1. Nf3 Nf6 2. g3 g6 3. Bg2 Bg7 4. O-O O-O 5. d4 d6 6. Re1 Nc6 7. d5 Nb8 8. c4 c6 9. Nc3 cxd5 10. cxd5 Nbd7 11. Nd4 a6 12. Bf4 Qb6 13. Qd2 Ne4 14. Bxe4 Qxd4 15. Qc2 Nf6 16. Red1 Qc5 17. Be3 Qa5 18. Bd4 Bd7 19. Bf3 Rac8 20. Rac1 b5 21. a3 Rc4 22. e4 Rfc8 23. Be2 R4c7 24. Qb1 Ng4 25. Bxg7 Kxg7 26. Qd3 Qb6 27. Bxg4 Bxg4 28. Rd2 Bd7 29. Kg2 a5 30. Re1 b4 31. axb4 axb4 32. Nd1 Bb5 33. Qb3 Qc5 34. Ne3 Bc4 35. Qd1 Bb5 36. h4 h5 37. Qf3 Bd7 38. Qf4 f6 39. g4 b3 40. gxh5 gxh5 41. Kh2 Kf7 42. Qh6 Rg8 43. Qxh5+ Kf8 44. Qh6+ Kf7 45. Qh7+ Kf8 46. Ra1 Qb4 47. Qh6+ Kf7 48. Qh5+ Kf8 49. Re2 Qxe4 50. Qh6+ Kf7 51. Qh5+ Kf8 52. Rg1 Qf4+ 53. Rg3 1-0


[Site "https://www.chess.com"]

[Event "Titled Tuesday Blitz October 04 Late 2022"]
[White "Tang, Andrew"]
[Black "Bilan, Danila"]
[WhiteFideId "2059630"]
[BlackFideId "24161918"]
[WhiteElo "2581"]
[BlackElo "2203"]
[Result "1-0"]
[Round "01"]
[TimeControl "180+1"]
[Date "2022.10.04"]
[WhiteClock "0:00:53"]
[BlackClock "0:00:01"]

1. d4 d5 2. Bf4 Nf6 3. e3 c5 4. Nc3 e6 5. Nb5 Na6 6. c3 Be7 7. a4 O-O 8. Nf3 Bd7 9. Ne5 Nb8 10. dxc5 Bxc5 11. Bd3 Nc6 12. Qf3 Nxe5 13. Bxe5 Bxb5 14. axb5 Bd6 15. Bg3 Bxg3 16. hxg3 g6 17. Qf4 Qe7 18. Qh6 e5 19. g4 Rfc8 20. g5 Nh5 21. g4 e4 22. Be2 1-0


[Site "https://www.chess.com"]

[Event "Titled Tuesday Blitz October 04 Late 2022"]
[White "Tomaszewski, Kacper"]
[Black "Bluebaum, Matthias"]
[WhiteFideId "1127373"]
[BlackFideId "24651516"]
[WhiteElo "2211"]
[BlackElo "2633"]
[Result "0-1"]
[Round "01"]
[TimeControl "180+1"]
[Date "2022.10.04"]
[WhiteClock "0:00:03"]
[BlackClock "0:00:54"]

1. d4 Nf6 2. c4 e6 3. Nc3 d5 4. Bf4 dxc4 5. e3 c5 6. Bxc4 cxd4 7. exd4 a6 8. Nf3 Be7 9. O-O O-O 10. Re1 b5 11. Bd3 Bb7 12. Ne5 Nc6 13. Ng4 Qxd4 14. Nxf6+ Bxf6 15. Ne4 Rad8 16. Nxf6+ Qxf6 17. Bc7 Rd7 18. Bxh7+ Kxh7 19. Qxd7 Nd4 20. Be5 Nf3+ 21. Kh1 Nxe5 22. Qxb7 Kg8 23. Qxa6 Nd3 24. Rf1 Qxb2 25. Rab1 Qd4 26. Kg1 b4 27. Rbd1 Rd8 28. Rd2 e5 29. Re2 e4 30. h3 Nf4 31. Re3 Nd5 32. Rg3 Nc3 33. Kh1 Qe5 34. Qb6 Rb8 35. Qe3 Nxa2 36. Qg5 Qxg5 37. Rxg5 b3 38. Rc5 Nb4 39. Rb1 Nd3 40. Rc4 b2 41. f3 Ra8 42. Kh2 Ra1 43. Rxb2 Nxb2 44. Rxe4 Nd3 45. Re8+ Kh7 46. Re7 Kg6 47. Re3 Nf4 48. Kg3 Ne6 49. Rb3 Ra2 50. Rb6 Kf6 51. h4 g6 52. Kh3 Kg7 53. g4 Ra3 54. Kg2 Nd4 55. f4 Ne6 56. f5 gxf5 57. gxf5 Nd4 58. f6+ Kg6 59. Rb4 Ne6 60. Rg4+ Kxf6 61. h5 Ra5 62. h6 Rh5 63. Rg3 Rxh6 64. Rf3+ Ke7 65. Re3 Rg6+ 66. Kf3 Rf6+ 67. Ke2 Rf5 68. Ra3 Rb5 69. Ke3 f5 70. Ra7+ Kf6 71. Kf3 Rb3+ 72. Ke2 Nf4+ 73. Kf2 Nd5 74. Ra6+ Ke5 75. Ra5 f4 76. Ke2 Ke4 77. Kf2 Rb2+ 78. Kf1 Ne3+ 79. Ke1 Kf3 80. Ra3 Re2# 0-1


[Site "https://www.chess.com"]

[Event "Titled Tuesday Blitz October 04 Late 2022"]
[White "Urbina Perez, Juan Antonio"]
[Black "Ibarra Jerez, Jose Carlos"]
[WhiteFideId "2217368"]
[BlackFideId "2226332"]
[WhiteElo "2197"]
[BlackElo "2627"]
[Result "0-1"]
[Round "01"]
[TimeControl "180+1"]
[Date "2022.10.04"]
[WhiteClock "0:00:01"]
[BlackClock "0:00:30"]

1. e4 Nc6 2. Nf3 d6 3. Nc3 Nf6 4. d4 g6 5. Bg5 Bg7 6. Qd2 h6 7. Be3 Ng4 8. Bf4 Nxd4 9. Nxd4 e5 10. Nde2 exf4 11. Nxf4 O-O 12. O-O-O c6 13. f3 Ne5 14. h4 h5 15. Kb1 Qf6 16. Be2 b5 17. g3 Rd8 18. Rdf1 Rb8 19. Nd1 Nc4 20. Bxc4 bxc4 21. c3 d5 22. exd5 cxd5 23. Ne2 Bf5+ 24. Ka1 Bd3 25. Rf2 Bxe2 26. Qxe2 d4 27. cxd4 Rxd4 28. Qc2 Rd3 29. Rhf1 Qd4 30. f4 c3 0-1


[Site "https://www.chess.com"]

[Event "Titled Tuesday Blitz October 04 Late 2022"]
[White "Vazquez, Guillermo"]
[Black "Malka, Samuel"]
[WhiteFideId "3702308"]
[BlackFideId "20643675"]
[WhiteElo "2543"]
[BlackElo "2509"]
[Result "1-0"]
[Round "01"]
[TimeControl "180+1"]
[Date "2022.10.04"]
[WhiteClock "0:01:31"]
[BlackClock "0:00:05"]

1. b3 e5 2. Bb2 Nc6 3. c4 Nf6 4. e3 d5 5. cxd5 Nxd5 6. a3 Bd6 7. d3 O-O 8. Nd2 Be6 9. Ngf3 Qe7 10. Be2 Rad8 11. O-O h6 12. b4 a6 13. Rc1 Nb6 14. Rxc6 bxc6 15. Nxe5 Bd7 16. d4 Bxe5 17. dxe5 Bf5 18. Bd4 Nd7 19. Qa1 Qe6 20. Nf3 Be4 21. Rc1 Ra8 22. Qc3 Nb6 23. Nd2 Bg6 24. Qxc6 Nd5 25. Qxe6 fxe6 26. f4 a5 27. b5 Rfb8 28. g3 Rb7 29. Nb3 Rab8 30. a4 Nb4 31. Nxa5 Rb6 32. Rxc7 Nd5 33. Rc1 Be4 34. Kf2 Kf7 35. Bxb6 Nxb6 36. Nc6 Ra8 37. a5 Nd7 38. a6 Nb6 39. Nd4 Nd5 40. Bf3 Bxf3 41. Kxf3 Rb8 42. Rc5 Nb4 43. a7 Ra8 44. b6 Nd3 45. Rc7+ Kg6 46. b7 1-0


[Site "https://www.chess.com"]

[Event "Titled Tuesday Blitz October 04 Late 2022"]
[White "Winterberg, Lukas"]
[Black "Rasulov, Vugar"]
[WhiteFideId "24622702"]
[BlackFideId "13402390"]
[WhiteElo "2349"]
[BlackElo "2509"]
[Result "0-1"]
[Round "01"]
[TimeControl "180+1"]
[Date "2022.10.04"]
[WhiteClock "0:00:20"]
[BlackClock "0:01:17"]

1. d4 d5 2. Nf3 Nf6 3. c4 c6 4. Nc3 e6 5. e3 Nbd7 6. Qc2 Bd6 7. Bd3 O-O 8. O-O dxc4 9. Bxc4 b5 10. Be2 Bb7 11. e4 e5 12. dxe5 Nxe5 13. Nd4 Neg4 14. g3 b4 15. Nf5 bxc3 16. Rd1 Qb6 17. Bxg4 Be5 18. Be3 Qxb2 19. Qa4 Nxg4 20. Rab1 Qe2 21. Rxb7 Rad8 22. Rxd8 Rxd8 23. Qa5 Qd1+ 24. Kg2 c2 25. Bg5 Rf8 26. Ne7+ Kh8 27. Nxc6 Qe2 28. Qxa7 Qxe4+ 29. Kh3 Qxc6 30. Kxg4 Qg6 0-1


[Site "https://www.chess.com"]

[Event "Titled Tuesday Blitz October 04 Late 2022"]
[White "Aggelis, Nikolaos"]
[Black "Kravtsiv, Martyn"]
[WhiteFideId "4213220"]
[BlackFideId "14113147"]
[WhiteElo "2187"]
[BlackElo "2694"]
[Result "0-1"]
[Round "02"]
[TimeControl "180+1"]
[Date "2022.10.04"]
[WhiteClock "0:00:03"]
[BlackClock "0:00:13"]

1. d4 d5 2. Nf3 Nf6 3. c4 e6 4. g3 Bb4+ 5. Bd2 Be7 6. Bg2 O-O 7. O-O Nbd7 8. Qc2 c6 9. Nc3 dxc4 10. e4 b5 11. Rfe1 Bb7 12. b3 cxb3 13. Qxb3 a6 14. a4 b4 15. Nd1 c5 16. e5 Nd5 17. Ne3 Rc8 18. Nc4 cxd4 19. Nxd4 Nc5 20. Qb1 Nxa4 21. Nd6 Bxd6 22. exd6 Nac3 23. Bxc3 Rxc3 24. Bxd5 Bxd5 25. Qxb4 Rc4 26. Qd2 Qxd6 27. Nc2 Qc5 28. Ne3 Rd4 29. Qa5 Qxa5 30. Rxa5 Bb7 31. Rb1 Rd7 32. Rc5 Rfd8 33. h4 h6 34. g4 Kh7 35. Kh2 Be4 36. Ra1 Bd3 37. Kg3 Rd4 38. Rc7 R8d7 39. Rac1 a5 40. Rxd7 Rxd7 41. Rc5 Ra7 42. Rc3 Bb5 43. Ra3 a4 44. Nd1 Rd7 45. Nc3 Rd3+ 46. Kf4 Bc6 47. Nb1 Rd4+ 48. Kg3 Rb4 49. Nd2 Rb2 50. Nc4 Rb3+ 51. Rxb3 axb3 52. Kf4 f6 53. g5 Kg6 54. gxf6 gxf6 0-1


[Site "https://www.chess.com"]

[Event "Titled Tuesday Blitz October 04 Late 2022"]
[White "Al Hosani, Omran"]
[Black "Sarana, Alexey"]
[WhiteFideId "9308733"]
[BlackFideId "24133795"]
[WhiteElo "2167"]
[BlackElo "2689"]
[Result "1-0"]
[Round "02"]
[TimeControl "180+1"]
[Date "2022.10.04"]
[WhiteClock "0:00:09"]
[BlackClock "0:00:05"]

1. d4 Nf6 2. c4 e6 3. Nc3 d5 4. e3 Bb4 5. Qa4+ Nc6 6. Qc2 O-O 7. Nf3 Bd6 8. Bd3 Nb4 9. Qb1 Nxd3+ 10. Qxd3 dxc4 11. Qxc4 a6 12. e4 b5 13. Qe2 Be7 14. a3 Bb7 15. O-O c5 16. Rd1 cxd4 17. Nxd4 Qc7 18. Bg5 h6 19. Bh4 Rfd8 20. Bg3 Qb6 21. Nf3 Rac8 22. Rac1 Rxd1+ 23. Rxd1 b4 24. axb4 Qxb4 25. Rd4 Qa5 26. h3 Qb6 27. Na4 Qb3 28. Nc3 Bc5 29. Rd3 Qb4 30. e5 Nd5 31. Ne4 Be7 32. Nd6 Rc1+ 33. Kh2 Bc6 34. Rd4 Qa5 35. Qd2 Qa1 36. Bh4 Bf8 37. Rc4 Rd1 38. Qc2 Bd7 39. Kg3 f5 40. exf6 Bxd6+ 41. Kg4 e5+ 42. Kh5 Be8+ 43. Kg4 Bd7+ 44. Kh5 Be8+ 45. Kg4 h5+ 46. Kf5 Nxf6 47. Bxf6 e4 48. Rc8 Qa5+ 49. Ne5 Qb5 50. Qc4+ Qxc4 51. Nxc4 Kf7 52. Be5 Bd7+ 53. Kf4 g5+ 54. Kxe4 Be7 55. Rc7 Ke8 56. Ra7 Bb5 57. Ne3 Bd3+ 58. Kd4 Rd2 59. Kc3 Rxf2 60. Kxd3 g4 61. hxg4 hxg4 62. Nxg4 Rxg2 63. Nf6+ Kf8 64. Nd5 Bc5 65. Rxa6 Rg4 66. Bc3 Rh4 67. Rc6 Bg1 68. Nf6 Ke7 69. Ne4 Rh3+ 70. Kc2 Kd7 71. Rc4 Rh2+ 72. Kb3 Rh1 73. Bd4 Bh2 74. Nc3 Bd6 75. Ra4 Bb8 76. Ra6 Kc8 77. Kc4 Rh4 78. b4 Be5 79. Nb5 Kb7 80. Re6 Bg3 81. Re7+ Kc6 82. Re6+ Kd7 83. Rg6 Bh2 84. Nc3 Be5 85. Ne2 Bd6 86. b5 Bb8 87. b6 Kc8 88. Nc3 Kb7 89. Rg7+ Ka6 90. Nd5 Rh1 91. Nb4+ Ka5 92. Nc6+ Ka6 93. Nxb8+ Ka5 94. Nc6+ Ka4 95. Ra7# 1-0


[Site "https://www.chess.com"]

[Event "Titled Tuesday Blitz October 04 Late 2022"]
[White "Barria Zuniga, Daniel"]
[Black "Sorokin, Aleksey"]
[WhiteFideId "3400816"]
[BlackFideId "24176460"]
[WhiteElo "2414"]
[BlackElo "2476"]
[Result "0-1"]
[Round "02"]
[TimeControl "180+1"]
[Date "2022.10.04"]
[WhiteClock "0:00:26"]
[BlackClock "0:01:18"]

1. d4 Nf6 2. c4 g6 3. Nc3 d5 4. Qa4+ Bd7 5. Qb3 dxc4 6. Qxc4 Bg7 7. Nf3 O-O 8. g3 Nc6 9. Bg2 Bf5 10. O-O Ne4 11. e3 Nd6 12. Qe2 e5 13. d5 e4 14. dxc6 exf3 15. Qxf3 bxc6 16. Qxc6 Rb8 17. e4 Be6 18. Rd1 Rb6 19. Qc5 Qb8 20. b3 Nc4 21. bxc4 Bxc3 22. Bh6 Bxa1 23. Bxf8 Rb1 24. Bf3 Rxd1+ 25. Bxd1 Qxf8 26. Qxc7 Qb4 27. Qb8+ Qxb8 0-1


[Site "https://www.chess.com"]

[Event "Titled Tuesday Blitz October 04 Late 2022"]
[White "Bluebaum, Matthias"]
[Black "Godzwon, Iwo"]
[WhiteFideId "24651516"]
[BlackFideId "21802483"]
[WhiteElo "2633"]
[BlackElo "2284"]
[Result "1/2-1/2"]
[Round "02"]
[TimeControl "180+1"]
[Date "2022.10.04"]
[WhiteClock "0:00:06"]
[BlackClock "0:00:11"]

1. d4 Nf6 2. c4 e6 3. Nc3 Bb4 4. e3 O-O 5. Bd2 b6 6. Bd3 Bb7 7. Nf3 d6 8. b3 Nbd7 9. a3 Bxc3 10. Bxc3 Ne4 11. Bb2 f5 12. O-O Qe7 13. Nd2 Nxd2 14. Qxd2 Rf6 15. f3 Rh6 16. Qf2 Rf8 17. Rae1 e5 18. d5 f4 19. exf4 Rxf4 20. g3 Rf8 21. f4 Qd8 22. Qd2 Rhf6 23. fxe5 Rxf1+ 24. Rxf1 Nxe5 25. Be4 Bc8 26. Rxf8+ Qxf8 27. Qg5 Bh3 28. Qf4 Qxf4 29. gxf4 Ng6 30. f5 Nh4 31. f6 g6 32. Kf2 Bf5 33. Bh1 Bc2 34. b4 Bb3 35. c5 bxc5 36. bxc5 Kf7 37. c6 Nf5 38. Bc3 a6 39. Be4 Nh6 40. Kf3 Ng8 41. Ba5 Nxf6 42. Bxc7 Ke7 43. Bd3 Bxd5+ 44. Kf4 Bxc6 45. Kg5 Nd5 46. Ba5 Bb5 47. Be4 Nf6 48. Bf3 Nd7 49. Kh6 Ne5 50. Bd1 Bd3 51. Kxh7 Kf6 52. Bc7 Nc4 53. a4 d5 54. Kh6 Ne3 55. Bf3 Be4 56. Be2 Nc4 57. h4 Bf5 58. Bd8+ Ke5 59. Kg5 Kd4 60. h5 gxh5 61. Kxf5 Nb2 62. Bf6+ Ke3 63. Bxh5 Nxa4 64. Ke5 Nc3 65. Bg5+ Kd3 66. Bg6+ Kc4 67. Be3 a5 68. Be8 a4 69. Bxa4 Nxa4 70. Bd4 Nc5 71. Bg1 Nd3+ 72. Kf5 Nc1 73. Ke5 Ne2 74. Ba7 Nc3 75. Bg1 Nb5 76. Bb6 Na3 77. Bg1 Nc2 78. Ba7 Nb4 79. Bg1 Kb5 80. Kd4 Kc6 81. Kc3 Na6 82. Kd3 Nc7 83. Bh2 Ne6 84. Bg1 Nc5+ 85. Bxc5 Kxc5 86. Kc3 d4+ 1/2-1/2


[Site "https://www.chess.com"]

[Event "Titled Tuesday Blitz October 04 Late 2022"]
[White "Brodowski, Piotr"]
[Black "Andreikin, Dmitry"]
[WhiteFideId "1124480"]
[BlackFideId "4158814"]
[WhiteElo "2361"]
[BlackElo "2736"]
[Result "1/2-1/2"]
[Round "02"]
[TimeControl "180+1"]
[Date "2022.10.04"]
[WhiteClock "0:00:08"]
[BlackClock "0:00:58"]

1. d4 d5 2. c4 e6 3. Nf3 Nf6 4. Nc3 dxc4 5. e4 b5 6. e5 Nd5 7. Nxb5 Nb6 8. Be2 Bb7 9. O-O Nc6 10. Be3 Be7 11. Qc1 a6 12. Nc3 O-O 13. Rd1 Nb4 14. Nd2 Qd7 15. Nxc4 Nxc4 16. Bxc4 Bxg2 17. Kxg2 Qc6+ 18. f3 Qxc4 19. Ne4 Qe2+ 20. Bf2 Nd5 21. Qd2 Qb5 22. b3 a5 23. Rg1 a4 24. Kh1 axb3 25. Qh6 g6 26. Rg3 Nf4 27. Rh3 Nxh3 28. Nf6+ Bxf6 29. exf6 Nxf2+ 30. Kg2 Qg5+ 31. Qxg5 Kh8 32. Qh6 Rg8 33. Kxf2 Rxa2+ 34. Rxa2 bxa2 35. Qc1 Ra8 36. Qh6 Rg8 37. Qc1 Ra8 38. Qh6 Rg8 1/2-1/2


[Site "https://www.chess.com"]

[Event "Titled Tuesday Blitz October 04 Late 2022"]
[White "Chen, Justin"]
[Black "Bartel, Mateusz"]
[WhiteFideId "2098199"]
[BlackFideId "1112635"]
[WhiteElo "2289"]
[BlackElo "2530"]
[Result "0-1"]
[Round "02"]
[TimeControl "180+1"]
[Date "2022.10.04"]
[WhiteClock "0:00:01"]
[BlackClock "0:00:17"]

1. e4 c5 2. Nf3 e6 3. g3 Nc6 4. Bg2 d6 5. O-O e5 6. c3 Nf6 7. d4 Bg4 8. dxe5 dxe5 9. Qe2 Be7 10. Na3 Qc8 11. Bg5 Qe6 12. Nc4 O-O 13. Ne3 Bh5 14. Bxf6 Bxf6 15. Rfd1 Rad8 16. Qc4 Qxc4 17. Nxc4 Be7 18. Ne3 f6 19. g4 Bg6 20. Nh4 Rxd1+ 21. Rxd1 Bf7 22. Nd5 Re8 23. Nf5 Bf8 24. Bf1 a6 25. a4 Rb8 26. h4 h5 27. Be2 hxg4 28. Bxg4 b5 29. axb5 Rxb5 30. Ra1 a5 31. Ra2 g6 32. Be2 Rb8 33. Nfe3 Kg7 34. Bc4 Bd6 35. Kg2 Rh8 36. Kg3 f5 37. exf5 e4+ 38. Kg4 Ne5+ 39. Kh3 Nxc4 40. Nxc4 Bxd5 0-1


[Site "https://www.chess.com"]

[Event "Titled Tuesday Blitz October 04 Late 2022"]
[White "Dimitrov, Atanas"]
[Black "Stremavicius, Titas"]
[WhiteFideId "2901315"]
[BlackFideId "12804444"]
[WhiteElo "2619"]
[BlackElo "2415"]
[Result "1-0"]
[Round "02"]
[TimeControl "180+1"]
[Date "2022.10.04"]
[WhiteClock "0:00:22"]
[BlackClock "0:00:03"]

1. e4 c5 2. Nf3 Nc6 3. Nc3 Nf6 4. d4 cxd4 5. Nxd4 d6 6. g3 g6 7. Bg2 Nxd4 8. Qxd4 Bg7 9. O-O O-O 10. h3 Bd7 11. Qb4 Bc6 12. Be3 Qc7 13. a4 Nd7 14. Rfd1 Rfc8 15. Bd4 a5 16. Qc4 Bxd4 17. Qxd4 Qb6 18. Qd2 Ne5 19. b3 Qc5 20. Ne2 Bd7 21. Nd4 Nc6 22. c4 Nxd4 23. Qxd4 Rc7 24. Qxc5 Rxc5 25. Rd5 Rc7 26. Rad1 Bc6 27. R5d3 Ra6 28. f4 Rb6 29. Kf2 f6 30. Ke3 Be8 31. Bf3 Bf7 32. g4 h6 33. h4 Rc5 34. Kd2 g5 35. hxg5 hxg5 36. f5 Kg7 37. Kc2 Rc8 38. Rh1 Rh8 39. Rxh8 Kxh8 40. Rd2 Kg7 41. Kc3 Rc6 42. e5 Rb6 43. exd6 exd6 44. Bd5 Be8 45. Re2 Kf8 46. Re6 Ra6 47. Rxf6+ Ke7 48. Re6+ Kd7 49. Rh6 Ke7 50. Rh7+ Kf6 51. Rxb7 Bc6 52. Bxc6 Rxc6 53. Rb5 1-0


[Site "https://www.chess.com"]

[Event "Titled Tuesday Blitz October 04 Late 2022"]
[White "Ernst, Sipke"]
[Black "Martinez Alcantara, Jose Eduardo"]
[WhiteFideId "1004689"]
[BlackFideId "3805662"]
[WhiteElo "2438"]
[BlackElo "2703"]
[Result "0-1"]
[Round "02"]
[TimeControl "180+1"]
[Date "2022.10.04"]
[WhiteClock "0:00:01"]
[BlackClock "0:00:38"]

1. d4 Nf6 2. Bg5 d5 3. Nd2 c5 4. dxc5 e6 5. e3 Bxc5 6. c3 h6 7. Bh4 O-O 8. Ngf3 b6 9. Bd3 Bb7 10. O-O Nbd7 11. Qe2 Be7 12. Rad1 Nc5 13. Bb1 Qc8 14. Rc1 b5 15. Ne5 a6 16. b4 Ncd7 17. Ng4 Qd8 18. Qd3 Re8 19. Nxf6+ Nxf6 20. Bxf6 Bxf6 21. Qh7+ Kf8 22. f4 Rc8 23. Nf3 Qd6 24. Ne5 Bxe5 25. fxe5 Qxe5 26. Bg6 Rc7 27. Qh8+ Ke7 28. Rxf7+ Kd6 29. Qxe8 Qxe3+ 30. Kf1 Rxf7+ 31. Bxf7 Qxc1+ 32. Ke2 Qc2+ 33. Kf1 Qf5+ 34. Kg1 Bc6 35. Qf8+ Kc7 36. Qe7+ Bd7 37. Qc5+ Kb7 38. Qe7 Qb1+ 39. Kf2 Qc2+ 40. Kg1 Qb1+ 41. Kf2 Qf5+ 42. Kg1 e5 43. Bxd5+ Kc7 44. h3 Qf6 45. Qc5+ Kd8 46. Bb7 Qe6 47. Bd5 Qf6 48. c4 h5 49. Be4 h4 50. Bd5 Qf4 51. Qb6+ Ke8 52. Qb8+ Ke7 53. Qc7 Qd4+ 54. Kh2 bxc4 55. Qxc4 Kd6 56. Qxd4 exd4 57. Be4 Ke5 58. Bc2 Kf4 59. a4 Ke3 60. Bb3 d3 61. g3 d2 62. gxh4 Be6 0-1


[Site "https://www.chess.com"]

[Event "Titled Tuesday Blitz October 04 Late 2022"]
[White "Fishbein, Alexander"]
[Black "Bortnyk, Mykola"]
[WhiteFideId "2000377"]
[BlackFideId "14120836"]
[WhiteElo "2410"]
[BlackElo "2582"]
[Result "0-1"]
[Round "02"]
[TimeControl "180+1"]
[Date "2022.10.04"]
[WhiteClock "0:00:04"]
[BlackClock "0:00:30"]

1. e4 Nf6 2. e5 Nd5 3. d4 d6 4. Nf3 dxe5 5. Nxe5 c6 6. Bd3 Nd7 7. Nf3 g6 8. O-O Bg7 9. Re1 O-O 10. c3 Re8 11. Na3 e5 12. dxe5 Nxe5 13. Nxe5 Bxe5 14. Nc4 Bc7 15. Rxe8+ Qxe8 16. Qe2 Bf5 17. Bg5 Qxe2 18. Bxe2 Re8 19. Bf3 Kg7 20. Bd2 h6 21. Re1 Rxe1+ 22. Bxe1 Be6 23. b3 f5 24. Bd2 g5 25. g3 Kf6 26. Ne3 Nb6 27. c4 Be5 28. h4 Nd7 29. hxg5+ hxg5 30. Nc2 Bb2 31. Be3 Ne5 32. Be2 b6 33. f4 gxf4 34. gxf4 Ng6 35. Bh5 c5 36. Kf2 Bd7 37. Ne1 Bc6 38. Nd3 Bc3 39. Bxg6 Kxg6 40. Ne5+ Bxe5 41. fxe5 Kf7 42. Kg3 Ke6 43. Kf4 Be4 44. a3 a5 45. b4 cxb4 46. axb4 axb4 47. Bxb6 Bd3 48. Ba5 b3 49. Bc3 Bxc4 50. Bb2 Bb5 51. Bc3 Bd7 52. Bb2 Kd5 53. Ke3 Kc4 54. Ba1 Be6 55. Bb2 Bc8 56. Ba1 Bd7 57. Bb2 Kb4 58. Kf4 Kc5 59. Ba1 Kc4 60. Ke3 Kd5 61. Kf4 Ke6 62. Bb2 Bc8 63. Ba1 Kf7 64. Kg5 Ke7 65. Bb2 Ke6 66. Kf4 Kf7 67. Kg5 Be6 68. Ba1 Ke8 69. Bb2 Ke7 70. Ba1 Kd7 71. Kf4 Kc6 72. Bb2 Kb5 73. Ke3 Kc4 74. Ba1 Bd7 75. Bb2 f4+ 76. Kxf4 Kd3 77. Ba1 Be6 78. Bb2 Kc2 79. Ba1 Kc1 80. Bd4 Kd2 81. Ke4 Bc8 82. Kd5 Bb7+ 83. Kd6 Kd3 84. Ba1 Ba6 85. e6 Bb5 86. e7 Be8 87. Kc7 b2 88. Kd8 bxa1=Q 89. Kxe8 Qe5 90. Kd8 Qd6+ 0-1


[Site "https://www.chess.com"]

[Event "Titled Tuesday Blitz October 04 Late 2022"]
[White "Ghasi, Ameet K"]
[Black "Quesada Perez, Yuniesky"]
[WhiteFideId "409200"]
[BlackFideId "3504409"]
[WhiteElo "2587"]
[BlackElo "2599"]
[Result "0-1"]
[Round "02"]
[TimeControl "180+1"]
[Date "2022.10.04"]
[WhiteClock "0:00:42"]
[BlackClock "0:00:30"]

1. g3 d5 2. Bg2 c6 3. b3 Bf5 4. Bb2 Nf6 5. d3 e6 6. Nd2 h6 7. a3 Be7 8. e4 Bh7 9. Qe2 a5 10. Ngf3 Na6 11. O-O O-O 12. Ne5 Nc5 13. f4 dxe4 14. dxe4 Qc7 15. Ng4 Ncd7 16. Nf2 b5 17. a4 bxa4 18. Rxa4 Nb6 19. Ra2 a4 20. Rfa1 axb3 21. Rxa8 Rxa8 22. Rxa8+ Nxa8 23. Nxb3 Nb6 24. Qa6 c5 25. Bc3 Nfd7 26. Na5 c4 27. Qb7 Qc5 28. Nc6 Bf8 29. Bd4 Qb5 30. Bf1 Bg6 31. g4 Nc5 32. Ne5 Nxb7 0-1


[Site "https://www.chess.com"]